 Dungeon Crawl Stone Soup version 0.29.1-13-g9f3cf754e1 (webtiles) character file.

Game seed: 15439878056069862604

11 hawla the Firebug (level 2, 0/20 HPs)
             Began as a Meteoran Fire Elementalist on Jan 20, 2023.
             Slain by a rat (3 damage)
             ... on level 2 of the Dungeon.
             The game lasted 00:01:16 (161 turns).

hawla the Firebug (Meteoran Fire Elementalist)       Turns: 161, Time: 00:01:17

Health: 0/20       AC:  3    Str:  9    XL:     2   Next: 58%
Magic:  4/6        EV: 12    Int: 16    God:
Gold:   6          SH:  0    Dex: 14    Spells: 3/6 levels left

rFire   . . .      SeeInvis .   (no weapon)
rCold   . . .      Faith    .   (no shield)
rNeg    . . .      Spirit   .   a - +0 robe
rPois   .          Reflect  .   (no helmet)
rElec   .          Harm     .   (no cloak)
rCorr   .          Rampage  .   g - +0 pair of gloves
Will    .....                   (no boots)
Stlth   +.........              (no amulet)
HPRegen 0.06/turn               (no ring)
MPRegen 0.10/turn               (no ring)

@: lethally poisoned (0 -> -4), glowing
A: sense surroundings 1, otherworldly, glowing, explore regen
a: no special abilities


You were on level 2 of the Dungeon.
You visited 1 branch of the dungeon, and saw 2 of its levels.

You collected 6 gold pieces.

Inventory:

Armour
 a - a +0 robe (worn)
 g - a +0 pair of gloves (worn)
Scrolls
 e - a scroll of teleportation {unknown}
Potions
 c - a potion of brilliance {unknown}
 d - a potion of mutation {unknown}
 h - a potion of heal wounds


   Skills:
 + Level 2.5 Dodging
 - Level 1.4 Stealth
 + Level 2.8 Spellcasting
 + Level 1.2 Conjurations
 + Level 4.3 Fire Magic


You had 3 spell levels left.
You knew the following spells:

 Your Spells              Type           Power      Damage    Failure   Level
a - Foxfire               Conj/Fire      44%        2x1d6     6%          1
b - Scorch                Fire           32%        2d7       4%          2

Your spell library contained the following spells:

 Spells                   Type           Power      Damage    Failure   Level
 Conjure Flame            Conj/Fire      11%        6-21      19%         3
 Inner Flame              Hex/Fire       9%         N/A       24%         3
 Flame Wave               Conj/Fire      11%        2d6       52%         4


Dungeon Overview and Level Annotations

Branches:
Dungeon (2/15) Zot: 1020

Altars:


Innate Abilities, Weirdness & Mutations

You passively map a small area around you.
You are easily found by Zot.
You glow in the dark.
You regain HP and MP as you explore.


Message History

Confirm with . or Enter, or press ? or * to list all spells.
You conjure some foxfire!
The jackal misses you.
The ball python bites you but does no damage.
The ball python barely misses you.
The jackal bites you but does no damage.
The rat twitches its whiskers.
The ball python bites you but does no damage.
The ball python closely misses you.
Casting: Foxfire (safe; 6% risk of failure)
Confirm with . or Enter, or press ? or * to list all spells.
Okay, then.
The foxfire hits the jackal.
You kill the jackal!
The foxfire hits the ball python.
The ball python is moderately wounded.
The ball python bites you but does no damage.
The ball python grabs you. The ball python constricts you.
Casting: Foxfire (safe; 6% risk of failure)
Confirm with . or Enter, or press ? or * to list all spells.
You conjure some foxfire!
The foxfire hits the ball python.
You kill the ball python!
The rat bites you but does no damage.
You hit the adder.
The adder is lightly wounded.
The foxfire hits the adder.
The adder is lightly wounded.
The adder closely misses you. The rat closely misses you.
Magic courses through your body. The adder bites you.
You are poisoned.
The adder poisons you!
The jackal stops to sniff the ground.
The rat bites you.
Casting: Foxfire (safe; 6% risk of failure)
Confirm with . or Enter, or press ? or * to list all spells.
Flames lash the adder.
The adder is severely wounded.
The adder's fire resistance burns away.
You feel sick. The adder bites you.
* * * LOW HITPOINT WARNING * * *
The rat bites you.
You die...

** * * ,, , ######## ,
h.r....##### * *
######.##.. , , # ,#
#.##.#########.##.#
#.##.##...........
######.......#.S†#..#*,
, ,
..............hr@...# *
#########.#.#.#####.#
#.#.#.# #...#.## *
#.##...####.# , *
#....#......#
#.#...<###### *
#.#.####** , , *
**,#........ ,


You could see an adder (combustible), a jackal and a rat.

Vanquished Creatures
  A giant cockroach (D:2)
  2 jackals (D:2)
  2 kobolds (D:2)
  A ball python (D:2)
  3 bats
  A rat (D:2)
10 creatures vanquished.

Vanquished Creatures (collateral kills)
  A giant cockroach (D:2)
1 creature vanquished.

Vanquished Creatures (others)
  12 foxfires
12 creatures vanquished.

Grand Total: 23 creatures vanquished

Notes
Turn   | Place    | Note
-------+----------+-------------------------------------------
     0 | D:1      | hawla the Meteoran Fire Elementalist began the quest for
                  | the Orb.
     0 | D:1      | Reached XP level 1. HP: 14/14 MP: 5/5
   101 | D:2      | Reached skill level 4 in Fire Magic
   101 | D:2      | Reached XP level 2. HP: 19/20 MP: 2/6
   104 | D:2      | Learned a level 2 spell: Scorch
   161 | D:2      | Slain by a rat

Illustrated notes

Levels and vault maps discovered:
D:1:      ldierk_walled_garden_2, layout_loops_cross, serial_forest,
          infiniplex_forest_clump_small, infiniplex_forest_lined_room_3,
          infiniplex_forest_clump_medium, infiniplex_forest_clump_long,
          infiniplex_forest_clump_diagonal, infiniplex_forest_clump_long,
          ebering_ecumenical_altar_webs
D:2:      layout_loops_ring, serial_shops, shop_statue, minmay_joined_circles

Skill      XL: |  1 |
---------------+----+-----
Fire Magic     | 4 |  4.3
Dodging        | |  2.5
Stealth        | |  1.4
Spellcasting   | |  2.8
Conjurations   | |  1.2

Action                   || total
-------------------------++-------
Melee: Unarmed           ||     2
 Cast: Foxfire           ||     7
       Scorch            ||     4
  Use: Scroll            ||     4
       Potion            ||     1
Armor: Robe              ||    15
Dodge: Dodged            ||    38
